 Dungeon Crawl Stone Soup version 0.20-a0-351-gc9b4002 (webtiles) character file.

49584 Kriby the Severer (level 14, -4/198 HPs)
             Began as a Minotaur Berserker on Dec 24, 2016.
             Was a High Priest of Trog.
             Slain by an alligator simulacrum (35 damage)
             ... in an ice cave on Dec 25, 2016.
             The game lasted 01:01:44 (16433 turns).

Kriby the Severer (Minotaur Berserker)             Turns: 16433, Time: 01:01:45

Health: -4/198     AC: 16    Str: 27    XL:     14   Next: 16%
Magic:  13/13      EV:  9    Int:  4    God:    Trog [*****.]
Gold:   762        SH:  0    Dex: 15    Spells: 13/13 levels left

rFire  . . .     SeeInvis .     S - +0 battleaxe (venom)
rCold  . . .     Gourm    .     O - +0 plate armour
rNeg   . . .     Faith    +     (shield currently unavailable)
rPois  .         Spirit   .     n - +2 hat
rElec  .         Reflect  .     D - +0 cloak
rCorr  .         Harm     .     B - +0 pair of gloves
MR     +++..                    k - +0 pair of boots
Stlth  ..........               g - amulet of faith
                                Z - ring of protection from magic
                                r - ring of protection from magic

@: berserking, very quick
A: retaliatory headbutt, horns 2
a: Berserk, Trog's Hand, Brothers in Arms, Burn Spellbooks, Renounce Religion


You were in an ice cave.
You worshipped Trog.
Trog was extremely pleased with you.
You were very hungry.

You visited 2 branches of the dungeon, and saw 16 of its levels.
You also visited: Ice Cave.

You collected 1004 gold pieces.
You spent 242 gold pieces at shops.

Inventory:

Hand Weapons
 S - a +0 battleaxe of venom (weapon)
 V - a +2 broad axe of freezing
Missiles
 F - 11 tomahawks
 G - 3 poisoned javelins
 L - 2 javelins (quivered)
 T - 8 javelins of returning
 X - 2 steel javelins
Armour
 k - a +0 pair of boots (worn)
 n - a +2 hat (worn)
 B - a +0 pair of gloves (worn)
 D - a +0 cloak (worn)
 O - a +0 plate armour (worn)
Jewellery
 g - an amulet of faith (around neck)
 r - a ring of protection from magic (left hand)
 t - an uncursed ring of flight
 Z - a ring of protection from magic (right hand)
Wands
 q - a wand of polymorph (11/24)
 s - a wand of polymorph (7/24)
 y - a wand of confusion (35/48)
 P - a wand of iceblast (8/15)
 Q - a wand of polymorph (14/24)
Scrolls
 a - a scroll of silence {unknown}
 e - 14 scrolls of identify
 f - a scroll of magic mapping
 l - 3 scrolls of enchant armour
 p - a scroll of enchant weapon {unknown}
 u - 2 scrolls of noise {unknown}
 w - a scroll of remove curse
 x - 2 scrolls of fog
 K - 3 scrolls of teleportation
 M - a scroll of acquirement {unknown}
Potions
 b - a potion of lignification
 d - 3 potions of brilliance
 h - a potion of cancellation {unknown}
 i - 5 potions of curing
 v - 5 potions of agility
 z - a potion of beneficial mutation {unknown}
 C - 2 potions of magic {unknown}
 H - 2 potions of ambrosia
 I - 2 potions of mutation
 R - a potion of resistance {unknown}
 U - a potion of heal wounds
Books
 J - a book of Debilitation

   Spells                             Type                      Level
   a - Corona                         Hexes                        1
   b - Slow                           Hexes                        2
   c - Gell's Gravitas                Hexes/Translocation          3
   d - Inner Flame                    Hexes/Fire                   3
   e - Cause Fear                     Hexes                        4
   f - Leda's Liquefaction            Hexes/Earth                  4
   Trog disapproves of the use of such an item.
 W - a book of the Earth

   Spells                             Type                      Level
   a - Leda's Liquefaction            Hexes/Earth                  4
   b - Bolt of Magma                  Conjuration/Fire/Earth       5
   c - Statue Form                    Transmutation/Earth          6
   d - Iron Shot                      Conjuration/Earth            6
   e - Shatter                        Earth                        9
   Trog disapproves of the use of such an item.
Miscellaneous
 m - a disc of storms
Comestibles
 c - 12 bread rations
 j - 4 beef jerkies
 o - 6 meat rations
 A - 10 slices of pizza
 E - 16 royal jellies
 N - a fruit


   Skills:
 + Level 14.1 Fighting
 * Level 20.4 Axes
 + Level 10.3 Throwing
 - Level 3.3 Armour
 - Level 3.4 Dodging


You had 13 spell levels left.
You didn't know any spells.

Dungeon Overview and Level Annotations

Branches:
Dungeon (12/15)            Temple (0/1) D:6            Lair (6/6) D:11
 Shoals (0/4) Lair:3        Snake (0/4) Lair:3        Slime (0/5) Lair:5
    Orc (0/2) D:12

Altars:
Dithmenos
Elyvilon
Gozag
Nemelex Xobeh
Ru
Zin
Beogh
Jiyva

Shops:
D:5 ?!*(?

Annotations:
D:5 Jessica
D:11 exclusion: downstairs


Innate Abilities, Weirdness & Mutations

You reflexively headbutt those who attack you in melee.
You have a pair of horns on your head.


Message History

The alligator simulacrum bites you but does no damage.
The alligator simulacrum tail-slaps you but does no damage.
The death yak simulacrum gores you! The death yak simulacrum freezes you!!
Your plate armour prevents you from hitting the alligator simulacrum.
The alligator simulacrum is heavily damaged.
You slash the death yak simulacrum!
The alligator simulacrum barely misses you.
The alligator simulacrum completely misses you.
Press: ? - help, v - describe, . - travel
Here: a polar bear simulacrum The floor.
A red film seems to cover your vision as you go berserk!
You feel yourself moving faster!
You feel mighty!
You are feeling very hungry.
The death yak simulacrum gores you! The death yak simulacrum freezes you!!
* * * LOW HITPOINT WARNING * * *
The alligator simulacrum bites you!
* * * LOW HITPOINT WARNING * * *
The alligator simulacrum freezes you!!
You die...

#### # ##..##
#.. ###....##
....##.......#
#....Z..∩.∩.#
#..ZZ@.....#
##.Z##....##
## ##..## ####


You could see an alligator simulacrum, 2 death yak simulacra and a polar bear
simulacrum.

Vanquished Creatures
  5 hydras
  A death knight (D:12)
  2 death yaks (Lair:5)
  Sonja (Lair:2)
  An unseen horror (D:10)
  A phantasmal warrior (D:12)
  An ugly thing (D:11)
  The ghost of Oki the Cutter, a novice OpAs (D:6)
  2 manticores
  2 centaur zombies (D:11)
  A gargoyle (D:10)
  9 spiny frogs
  2 rime drakes (Lair:3)
  3 black mambas
  A freezing wraith (D:12)
  A centaur skeleton (D:10)
  2 komodo dragons (Lair:1)
  2 polar bears
  A queen bee (Lair:5)
  3 meliai (Lair:5)
  A troll (D:12)
  6 slime creatures (D:12)
  24 blink frogs
  7 dream sheep
  7 hippogriffs
  2 wraiths (D:12)
  20 yaks
  4 wyverns
  A basilisk (D:9)
  Eustachio (D:4)
  A steam dragon (Lair:4)
  6 nagas (Lair:3)
  15 water moccasins
  11 porcupines
  A hornet zombie (D:9)
  10 ice beasts
  9 orc warriors
  2 eyes of draining
  A phantom (D:11)
  A sky beast (D:5)
  3 ogres
  7 centaurs
  5 wolves (Lair:3)
  9 crocodiles
  Blork the orc (D:5)
  10 bullfrogs
  3 scorpions
  2 wyvern skeletons (D:12)
  25 killer bees
  4 howler monkeys
  An electric eel (Lair:1)
  6 crimson imps
  A quasit (D:10)
  3 hounds
  2 bullfrog skeletons
  6 orc priests
  11 orc wizards
  Crazy Yiuf (D:5)
  Terence (D:2)
  3 worker ants
  Natasha (thrice) (D:3)
  4 iguanas
  A hound skeleton (D:5)
  A howler monkey skeleton (D:10)
  14 adders
  A shadow imp (D:5)
  3 oozes
  An adder zombie (D:9)
  2 adder skeletons
  3 worms
  2 dart slugs
  2 leopard geckos
  33 orcs
  5 giant cockroaches
  7 goblins
  9 hobgoblins
  7 jackals (D:1)
  11 kobolds
  7 quokkas
  4 ball pythons
  10 bats
  9 frilled lizards
  A leopard gecko skeleton (D:5)
  A quokka skeleton (D:9)
  6 rats
  2 fungi
  4 plants
429 creatures vanquished.

Vanquished Creatures (collateral kills)
  A hydra (D:12)
  A komodo dragon (Lair:1)
  A bullfrog (D:12)
  An adder (D:12)
4 creatures vanquished.

Vanquished Creatures (others)
  7 fungi
7 creatures vanquished.

Grand Total: 440 creatures vanquished

Notes
Turn   | Place    | Note
-------+----------+-------------------------------------------
     0 | D:1      | Kriby the Minotaur Berserker began the quest for the Orb.
     0 | D:1      | Reached XP level 1. HP: 19/19 MP: 0/0
   361 | D:1      | Reached XP level 2. HP: 27/27 MP: 1/1
   735 | D:1      | Reached XP level 3. HP: 31/33 MP: 2/2
   740 | D:1      | Reached ** piety under Trog
   865 | D:1      | Reached skill level 4 in Axes
  1467 | D:2      | Noticed Terence
  1477 | D:2      | Killed Terence
  1477 | D:2      | Reached XP level 4. HP: 20/40 MP: 3/3
  1544 | D:2      | Found a sacrificial altar of Ru.
  2005 | D:3      | Noticed Natasha
  2019 | D:3      | Killed Natasha
  2103 | D:3      | Noticed Natasha
  2111 | D:3      | Killed Natasha
  2111 | D:3      | Reached skill level 5 in Axes
  2111 | D:3      | Reached XP level 5. HP: 44/47 MP: 4/4
  2125 | D:3      | Reached *** piety under Trog
  2282 | D:3      | Noticed Natasha
  2291 | D:3      | Killed Natasha
  2521 | D:3      | Reached skill level 6 in Axes
  2530 | D:3      | Reached skill level 5 in Fighting
  2530 | D:3      | Reached XP level 6. HP: 56/56 MP: 5/5
  2895 | D:4      | Found a shadowy altar of Dithmenos.
  2909 | D:4      | Noticed Eustachio
  2915 | D:4      | Killed Eustachio
  2915 | D:4      | Reached skill level 7 in Axes
  3003 | D:4      | Reached XP level 7. HP: 58/62 MP: 4/6
  3090 | D:4      | Reached skill level 8 in Axes
  3276 | D:5      | Entered Level 5 of the Dungeon
  3319 | D:5      | Found a white marble altar of Elyvilon.
  3369 | D:5      | Found a runed door.
  3373 | D:5      | Noticed Crazy Yiuf
  3376 | D:5      | Killed Crazy Yiuf
  3514 | D:5      | Noticed Blork the orc
  3520 | D:5      | Killed Blork the orc
  3520 | D:5      | Reached skill level 9 in Axes
  3562 | D:5      | Reached **** piety under Trog
  3586 | D:5      | Found Palyt's Distillery.
  3588 | D:5      | Found Boamibb's Magic Scroll Emporium.
  3590 | D:5      | Found Hangetz's General Store.
  3646 | D:5      | Bought a potion of ambrosia for 88 gold pieces
  3646 | D:5      | Bought a potion of mutation for 27 gold pieces
  3646 | D:5      | Bought a potion of heal wounds for 55 gold pieces
  3646 | D:5      | Bought a potion of curing for 33 gold pieces
  3651 | D:5      | Reached XP level 8. HP: 71/71 MP: 7/7
  3655 | D:5      | Bought a scroll of fog for 26 gold pieces
  3655 | D:5      | Bought a potion of degeneration for 13 gold pieces
  3733 | D:5      | Found Ginureur's Magic Scroll Boutique.
  3753 | D:5      | Found Ohopoin's Weapon Shoppe.
  3924 | D:5      | Noticed Jessica
  4012 | D:6      | Found a staircase to the Ecumenical Temple.
  4023 | D:6      | Found an opulent altar of Gozag.
  4157 | D:6      | Noticed Oki's ghost (novice OpAs)
  4200 | D:6      | Killed Oki's ghost
  4200 | D:6      | Reached skill level 10 in Axes
  4306 | D:6      | You fall through a shaft for 3 floors!
  4323 | D:9      | Received a gift from Trog
  4323 | D:9      | Reached skill level 11 in Axes
  4417 | D:9      | Noticed a hippogriff
  4430 | D:9      | Killed a hippogriff
  4430 | D:9      | Reached skill level 1 in Throwing
  4430 | D:9      | Reached XP level 9. HP: 77/82 MP: 3/8
  4750 | D:9      | Reached skill level 12 in Axes
  4927 | D:9      | Found a glowing silver altar of Zin.
  5343 | D:10     | Entered Level 10 of the Dungeon
  5542 | D:10     | Received a gift from Trog
  5542 | D:10     | Reached skill level 13 in Axes
  5610 | D:10     | Killed an unseen horror
  5610 | D:10     | Reached XP level 10. HP: 62/93 MP: 6/9
  6094 | D:10     | Noticed a gargoyle
  6103 | D:10     | Killed a gargoyle
  6103 | D:10     | Reached ***** piety under Trog
  6103 | D:10     | Reached skill level 10 in Fighting
  6183 | D:10     | Found a sparkling altar of Nemelex Xobeh.
  6232 | D:10     | Reached skill level 5 in Throwing
  6419 | D:11     | Noticed a red ugly thing
  6425 | D:11     | Killed a red ugly thing
  6524 | D:11     | Reached skill level 14 in Axes
  6865 | D:11     | Found a staircase to the Lair.
  7236 | D:12     | Received a gift from Trog
  7295 | D:12     | Noticed a four-headed hydra
  7300 | D:12     | Killed a four-headed hydra
  7300 | D:12     | Reached XP level 11. HP: 52/101 MP: 10/10
  7511 | D:12     | Reached skill level 15 in Axes
  7530 | D:12     | Upgraded the game from 0.20-a0-350-ga83eecc to 0.20-a0-351-gc9b4002
  7639 | D:12     | Found a staircase to the Orcish Mines.
  7669 | D:12     | Found a roughly hewn altar of Beogh.
  8078 | D:12     | Noticed a death knight
  8081 | D:12     | Noticed a phantasmal warrior
  8097 | D:12     | Killed a death knight
  8100 | D:12     | Killed a phantasmal warrior
  8289 | Lair:1   | Entered Level 1 of the Lair of Beasts
  8536 | Lair:1   | Noticed a six-headed hydra
  8561 | Lair:1   | Killed a six-headed hydra
  8711 | Lair:1   | Reached skill level 16 in Axes
  9089 | Lair:1   | Reached skill level 18 in Axes
  9089 | Lair:1   | Reached XP level 12. HP: 112/112 MP: 11/11
 10067 | Lair:2   | Noticed Sonja
 10100 | Lair:2   | HP: 5/112 [poisoned by Sonja]
 10100 | Lair:2   | HP: 2/112 [Sonja/uncursed short sword of venom (3)]
 10442 | Lair:2   | Killed Sonja
 10442 | Lair:2   | Reached XP level 13. HP: 118/118 MP: 12/12
 10916 | Lair:3   | Found a staircase to the Shoals.
 11387 | Lair:3   | Found a staircase to the Snake Pit.
 12044 | Lair:3   | Reached skill level 19 in Axes
 12399 | Lair:4   | Received a gift from Trog
 14710 | Lair:5   | Found a viscous altar of Jiyva.
 14710 | Lair:5   | Found a staircase to the Slime Pits.
 14839 | Lair:5   | Reached skill level 20 in Axes
 14985 | Lair:5   | Received a gift from Trog
 15322 | Lair:5   | Reached XP level 14. HP: 65/130 MP: 13/13
 15340 | Lair:5   | Received a gift from Trog
 15607 | Lair:5   | Reached skill level 10 in Throwing
 16048 | Lair:6   | Entered Level 6 of the Lair of Beasts
 16112 | Lair:6   | Received a gift from Trog
 16166 | Lair:6   | Found a frozen archway.
 16428 | IceCv    | Entered an ice cave
 16433 | IceCv    | Slain by an alligator simulacrum

Vault maps used:
D:1:      evilmike_arrival_run_for_it, hangedman_decor_lopped
D:2:      lemuel_doored_altar, minmay_misc_feat_hallway, uniq_terence
D:3:      uniq_natasha
D:4:      old_standard_altar, first_bread, uniq_eustachio
D:5:      basic_altar, serial_shops, nicolae_shop_statue_plus, shop,
          kennysheep_mini, nicolae_shop_window_shopping, shop, tgw_sif,
          uniq_crazy_yiuf_cottage, uniq_blork_the_orc
D:6:      overflow_temple_1_default, grunt_gozag_breadcrumbs
D:9:      zin_treasury, amethyst_killhole, grunt_pizzeria, minmay_door_square
D:10:     nemelex_diamond_rough_becter
D:11:     grunt_lair_entry_orc_guard_hut, roderic_hopi_sauvastika
D:12:     minmay_orc_entry_temple_small, minmay_holes
Lair:1:   serial_bayou_pond_e, infiniplex_staircase_pool_2, lemuel_fruit_fields,
          serial_bayou_shore_a, lemuel_fruit_fields
Lair:2:   grunt_megastairs_1, uniq_sonja
Lair:3:   shoals_dummy_entry, minmay_snake_entry_guardpost_medium
Lair:5:   slime_altar_1, special_room, beast_lair_carwin_3, grunt_megastairs_5
Lair:6:   evilmike_catoblepas_cave, portal_ice_cave_entry_ice_beasts,
          lightli_volcano_entry_magma_tube, grunt_megastairs_4
IceCv:    ice_cave_small_necro

Skill      XL: |  1  2  3  4  5  6  7  8  9 10 11 12 13 14 |
---------------+-------------------------------------------+-----
Dodging        | 3 |  3.4
Armour         | 3 |  3.3
Axes           | 4 5 6 7 9 11 13 14 18 20 | 20.4
Fighting       | 4 5 6 8 9 10 11 12 13 14 | 14.1
Throwing       | 1 4 6 7 8 9 10 | 10.3

Action                   |  1- 3 |  4- 6 |  7- 9 | 10-12 | 13-15 || total
-------------------------+-------+-------+-------+-------+-------++-------
Melee: Hand axe          |    90 |   106 |       |       |       ||   196
       Headbutt          |    15 |    28 |    40 |    62 |    61 ||   206
       War axe           |       |    20 |   251 |    68 |       ||   339
       Battleaxe         |       |       |       |   132 |   326 ||   458
       Broad axe         |       |       |       |    54 |       ||    54
Throw: Javelin           |       |       |    20 |   117 |   128 ||   265
       Tomahawk          |       |       |    13 |    69 |    91 ||   173
Invok: Berserk           |       |     1 |     1 |     4 |     2 ||     8
       Burn Spellbooks   |       |     1 |       |     1 |       ||     2
       Brothers in Arms  |       |       |       |     3 |     1 ||     4
       Trog's Hand       |       |       |       |     1 |     1 ||     2
Evoke: Wand              |       |     3 |    11 |     5 |     5 ||    24
       Disc of storms    |       |       |       |     1 |       ||     1
  Use: Scroll            |       |       |     2 |    14 |     3 ||    19
       Potion            |       |       |       |    13 |       ||    13
 Stab: Sleeping          |     1 |       |       |       |       ||     1
  Eat: Chunk             |     2 |     6 |     9 |    17 |    14 ||    48
       Pizza             |       |       |       |     1 |       ||     1
       Bread ration      |       |       |       |     1 |       ||     1
       Fruit             |       |       |       |       |     2 ||     2
       Royal jelly       |       |       |       |       |     1 ||     1
Armor: Animal skin       |    10 |       |       |       |       ||    10
       Chain mail        |       |    58 |    88 |       |       ||   146
       Plate armour      |       |       |    45 |   141 |   202 ||   388
Dodge: Dodged            |    48 |    59 |    74 |    74 |   120 ||   375
